 Dungeon Crawl Stone Soup version 0.23.2-1-ga50397a6bc (webtiles) character file.

Game seed: 1541559456782411950

7649 KamiKatze the Cleaver (level 11, -5/69 HPs)
             Began as a Gargoyle Berserker on May 30, 2019.
             Was a High Priest of Trog.
             Slain by a skeletal warrior
             ... wielding a +0 long sword
             ... led by a skeletal warrior
              (16 damage)
             ... on level 8 of the Dungeon.
             The game lasted 00:48:12 (8375 turns).

KamiKatze the Cleaver (Gargoyle Berserker)          Turns: 8375, Time: 00:48:13

Health: -5/69      AC: 22    Str: 22    XL:     11   Next: 18%
Magic:  12/12      EV: 10    Int:  9    God:    Trog [*****.]
Gold:   442        SH:  0    Dex: 10    Spells: 10/10 levels left

rFire    . . .     SeeInvis +   a - +1 war axe
rCold    . . .     Gourm    .   (no shield)
rNeg     + . .     Faith    .   M - +1 chain mail {MR+}
rPois    ∞         Spirit   .   F - +0 hat {SInv}
rElec    +         Reflect  .   D - +0 cloak
rCorr    .         Harm     .   E - +0 pair of gloves
MR       +....                  (no boots)
Stlth    ..........             N - amulet of regeneration
HPRegen  0.61/turn              (no ring)
MPRegen  0.13/turn              (no ring)

@: berserk cooldown, slowed, very slow
A: negative energy resistance 1, electricity resistance, unbreathing,
petrification resistance, rot immunity, AC +8
a: Berserk, Trog's Hand, Brothers in Arms, Renounce Religion


You were on level 8 of the Dungeon.
You worshipped Trog.
Trog was extremely pleased with you.
You were hungry.

You visited 2 branches of the dungeon, and saw 10 of its levels.
You also visited: Sewer.

You collected 442 gold pieces.

Inventory:

Hand Weapons
 a - a +1 war axe (weapon)
 b - a +0 hunting sling
 w - a +0 hand axe
 I - a +0 battleaxe
 O - a +0 morningstar
Missiles
 d - 323 stones (quivered)
 l - 42 sling bullets
 p - 14 tomahawks
 J - 7 throwing nets
 K - 32 poisoned needles
Armour
 D - a +0 cloak (worn)
 E - a +0 pair of gloves (worn)
 F - a +0 hat of see invisible (worn)
 L - a +0 plate armour
 M - a +1 chain mail of magic resistance (worn)
 P - a +0 helmet
Jewellery
 N - an amulet of regeneration (around neck)
Wands
 x - a wand of acid (16)
 y - a wand of polymorph (5)
 G - a wand of paralysis (6)
 H - a wand of digging (10)
Scrolls
 e - 2 scrolls of magic mapping
 f - a scroll of random uselessness {unknown}
 g - 2 scrolls of fear
 i - 7 scrolls of teleportation
 o - 5 scrolls of remove curse
 r - 2 scrolls of fog {unknown}
 t - a scroll of blinking {unknown}
 A - 2 scrolls of immolation
 Q - a scroll of enchant weapon
Potions
 h - 2 potions of ambrosia
 j - 3 potions of cancellation
 k - 2 potions of might
 m - 4 potions of heal wounds
 n - a potion of lignification {unknown}
 q - 3 potions of agility
 s - a potion of flight {unknown}
 u - 6 potions of curing
 z - a potion of invisibility {unknown}
 B - a potion of berserk rage {unknown}
 C - a potion of resistance {unknown}
 R - a potion of haste {unknown}
Comestibles
 c - 16 rations
 v - 2 chunks of flesh


   Skills:
 + Level 8.9 Fighting
 * Level 10.1 Axes
 + Level 8.5 Armour
 + Level 6.4 Dodging
 + Level 1.8 Evocations


You had 10 spell levels left.
You didn't know any spells.
Your spell library was empty.

Dungeon Overview and Level Annotations

Branches:
Dungeon (9/15)             Temple (1/1) D:5
   Lair: D:8-11         Orc: D:9-12

Altars:
Ashenzari
Cheibriados
Dithmenos
Elyvilon
Fedhas
Gozag
Hepliaklqana
Kikubaaqudgha
Makhleb
Nemelex Xobeh
Okawaru
Qazlal
Ru
Sif Muna
Trog
Uskayaw
Vehumet
Wu Jian
Xom
Yredelemnul
Zin
The Shining One

Shops:
D:5 =   D:9 [

Annotations:
D:7 1 runed translucent door


Innate Abilities, Weirdness & Mutations

You are resistant to torment.
Your stone body is resilient. (AC +8)
You are immune to poison.
You resist negative energy. (rN+)
You are resistant to electric shocks. (rElec)
You can survive without breathing.
You are immune to petrification.
You are immune to rotting.


Message History

You feel yourself slow down.
You hit the skeletal warrior.
The skeletal warrior is lightly damaged.
The skeletal warrior hits you with a +0 long sword.
* * * LOW HITPOINT WARNING * * *
You slash the skeletal warrior!
The skeletal warrior is moderately damaged.
The skeletal warrior hits you but does no damage.
You hit the skeletal warrior but do no damage.
The skeletal warrior is moderately damaged.
The skeletal warrior closely misses you.
You barely miss the skeletal warrior.
The skeletal warrior is moderately damaged.
The skeletal warrior hits you but does no damage.
The skeletal warrior hits you with a +0 long sword!
* * * LOW HITPOINT WARNING * * *
You hit the skeletal warrior.
The skeletal warrior is moderately damaged.
The skeletal warrior hits you with a +0 long sword!
You die...

#######
......############
............(>...#
#####.........##z#
...#..........##@#
##.#..........##.#
#.#..........##.#
#.#...#########.#
##.#...# #.#
...#...# #.#
####...# #.# #
#...# #.# #
#...#########)#


You could see a skeletal warrior.

Vanquished Creatures
  Gastronok (D:8)
  Harold (D:7)
  2 skeletal warriors
  Joseph (D:8)
  A hornet (D:8)
  Grinder (D:6)
  A spriggan (D:7)
  A wyvern (D:9)
  Grum (D:8)
  An orc warrior (D:7)
  Duvessa (D:6)
  2 phantoms (D:7)
  A black bear (D:8)
  A hornet zombie (D:5)
  An ogre (D:8)
  A necrophage (D:9)
  4 wolves (D:8)
  2 centaurs
  A crocodile (D:7)
  9 bullfrogs
  Dowan (D:6)
  5 wights
  2 crimson imps
  A bullfrog zombie (D:9)
  2 centaur skeletons
  4 hounds
  A jelly (D:7)
  2 orc priests (D:7)
  2 bullfrog skeletons (D:6)
  3 orc wizards
  An iguana (D:4)
  3 worker ants
  A killer bee zombie (D:5)
  A hound zombie (D:9)
  A mummy (D:9)
  A worker ant zombie (D:9)
  A howler monkey zombie (D:6)
  3 river rats (Sewer)
  17 adders
  3 gnolls (D:6)
  A shadow imp (D:9)
  An ooze (D:2)
  An adder zombie (D:8)
  An adder skeleton (D:4)
  2 worms
  3 dart slugs
  3 leopard geckos
  33 orcs
  7 bats
  10 giant cockroaches
  12 goblins
  14 hobgoblins
  8 jackals
  11 kobolds
  4 quokkas
  13 ball pythons
  6 frilled lizards
  34 rats
253 creatures vanquished.

Notes
Turn   | Place    | Note
-------+----------+-------------------------------------------
     0 | D:1      | KamiKatze the Gargoyle Berserker began the quest for the
                  | Orb.
     0 | D:1      | Reached XP level 1. HP: 14/14 MP: 1/1
   128 | D:1      | Reached XP level 2. HP: 19/19 MP: 2/2
   305 | D:1      | Reached skill level 3 in Axes
   549 | D:1      | Reached XP level 3. HP: 15/23 MP: 3/3
   754 | D:1      | Reached ** piety under Trog
   806 | D:2      | You fall through a shaft!
   846 | D:3      | Noticed a centaur
   849 | D:3      | Killed a centaur
   849 | D:3      | Reached XP level 4. HP: 29/29 MP: 4/4
   943 | D:3      | Reached XP level 5. HP: 25/33 MP: 5/5
  1016 | D:3      | Reached skill level 4 in Axes
  1057 | D:3      | Found a faded altar of an unknown god.
  1513 | D:2      | Reached XP level 6. HP: 34/39 MP: 6/6
  2194 | D:3      | Reached *** piety under Trog
  2340 | D:3      | Found a burning altar of Makhleb.
  2351 | D:3      | Found a shimmering altar of Xom.
  2351 | D:3      | Found a shimmering altar of Xom.
  2352 | D:3      | Found a shimmering altar of Xom.
  2651 | D:3      | Found an ancient bone altar of Kikubaaqudgha.
  2888 | D:4      | Found a glowing drain.
  2921 | Sewer    | Entered a sewer
  3284 | Sewer    | Reached **** piety under Trog
  3404 | Sewer    | Reached XP level 7. HP: 42/44 MP: 7/7
  3409 | Sewer    | Reached skill level 5 in Axes
  3411 | Sewer    | Reached skill level 5 in Fighting
  3731 | D:4      | You fall through a shaft!
  3731 | D:5      | Entered Level 5 of the Dungeon
  3731 | D:5      | Found Zuept's Jewellery Shop.
  3873 | D:4      | Reached XP level 8. HP: 35/50 MP: 8/8
  4570 | D:5      | Found a glowing golden altar of the Shining One.
  4577 | D:5      | Found a bloodstained altar of Trog.
  4584 | D:5      | Found a white marble altar of Elyvilon.
  4591 | D:5      | Found an ornate altar of the Wu Jian Council.
  4669 | D:5      | Found a stormy altar of Qazlal.
  4714 | D:5      | Found a staircase to the Ecumenical Temple.
  4728 | Temple   | Entered the Ecumenical Temple
  4954 | D:5      | Reached skill level 6 in Axes
  4954 | D:5      | Reached skill level 5 in Armour
  5208 | D:5      | Found a hide-covered altar of Uskayaw.
  5514 | D:6      | Noticed Grinder
  5530 | D:6      | Killed Grinder
  5605 | D:6      | Noticed Dowan
  5607 | D:6      | Noticed Duvessa
  5644 | D:6      | Killed Duvessa
  5661 | D:6      | Killed Dowan
  5762 | D:6      | Found a sparkling altar of Nemelex Xobeh.
  5879 | D:7      | Reached skill level 7 in Axes
  5879 | D:7      | Reached XP level 9. HP: 56/56 MP: 9/9
  6079 | D:7      | Found a runed translucent door.
  6079 | D:7      | Noticed a sixfirhy
  6196 | D:7      | Noticed Harold
  6520 | D:7      | Killed Harold
  6520 | D:7      | Reached skill level 8 in Axes
  6520 | D:7      | Reached skill level 5 in Dodging
  6851 | D:7      | Found a shimmering altar of Xom.
  6852 | D:7      | Found a hazy altar of Hepliaklqana.
  6853 | D:7      | Noticed a spectral ugly thing
  7042 | D:8      | Noticed Joseph
  7059 | D:8      | Killed Joseph
  7059 | D:8      | Reached XP level 10. HP: 43/63 MP: 10/10
  7144 | D:8      | Noticed Grum
  7179 | D:8      | Killed Grum
  7273 | D:8      | Noticed Gastronok
  7289 | D:8      | Killed Gastronok
  7289 | D:8      | Reached skill level 9 in Axes
  7803 | D:9      | Noticed a skeletal warrior
  7913 | D:9      | Killed a skeletal warrior
  7913 | D:9      | Reached skill level 1 in Evocations
  7913 | D:9      | Reached XP level 11. HP: 69/69 MP: 11/11
  8001 | D:9      | Noticed a skeletal warrior
  8031 | D:8      | Reached skill level 10 in Axes
  8117 | D:9      | Found Gucwuhaa's Antique Armour Boutique.
  8237 | D:9      | Reached ***** piety under Trog
  8282 | D:9      | Noticed a skeletal warrior
  8282 | D:9      | Noticed a skeletal warrior
  8282 | D:9      | Noticed a skeletal warrior
  8370 | D:8      | Killed a skeletal warrior
  8375 | D:8      | Slain by a skeletal warrior

Skill      XL: |  1  2  3  4  5  6  7  8  9 10 11 |
---------------+----------------------------------+-----
Axes           | 3 4 5 7 8 9 10 | 10.1
Armour         | 3 4 5 7 8 |  8.5
Dodging        | 2 3 4 5 6 |  6.4
Fighting       | 4 5 6 7 8 |  8.9
Evocations     | 1 |  1.8

Action                   |  1- 3 |  4- 6 |  7- 9 | 10-12 || total
-------------------------+-------+-------+-------+-------++-------
Melee: Hand axe          |   104 |   317 |       |       ||   421
       War axe           |       |    55 |   421 |   212 ||   688
Throw: Stone             |       |    10 |       |     1 ||    11
Invok: Berserk           |     1 |       |     1 |     4 ||     6
       Trog's Hand       |       |     2 |     7 |     1 ||    10
  Use: Scroll            |       |     7 |     8 |     3 ||    18
  Eat: Chunk             |       |    10 |    16 |     5 ||    31
       Ration            |       |       |       |     1 ||     1
Armor: Animal skin       |    44 |    15 |       |       ||    59
       Ring mail         |       |    87 |       |       ||    87
       Scale mail        |       |    71 |   207 |       ||   278
       Chain mail        |       |       |    29 |    95 ||   124
       Plate armour      |       |       |    29 |       ||    29
Dodge: Dodged            |    82 |   243 |   250 |    96 ||   671
